 Dungeon Crawl Stone Soup version 0.24.0-7-gb3623d2c88 (webtiles) character file.

Game seed: 2241080681768749431, levelgen mode: deterministic

185 Emblim88 the Shooter (level 5, 0/42 HPs)
             Began as a Centaur Arcane Marksman on Nov 2, 2019.
             Succumbed to a worker ant's poison
             ... on level 3 of the Dungeon.
             The game lasted 00:09:08 (3132 turns).

Emblim88 the Shooter (Centaur Arcane Marksman)      Turns: 3132, Time: 00:09:09

Health: 0/42       AC:  5    Str: 13    XL:     5   Next: 37%
Magic:  8/8        EV:  9    Int: 17    God:
Gold:   130        SH:  0    Dex: 10    Spells: 5/8 levels left

rFire    . . .     SeeInvis .   a - +0 shortbow
rCold    . . .     Gourm    .   (shield currently unavailable)
rNeg     . . .     Faith    .   j - +0 robe (curse)
rPois    .         Spirit   .   n - +0 helmet
rElec    .         Reflect  .   (no cloak)
rCorr    .         Harm     .   (no gloves)
MR       .....                  (no barding)
Stlth    +.........             (no amulet)
HPRegen  0.14/turn              p - ring of wizardry
MPRegen  0.11/turn              (no ring)

@: brilliant, lethally poisoned (0 -> -15), very quick
A: large, hooves 3, deformed body, speed 2, tough skin 3
a: no special abilities


You were on level 3 of the Dungeon.
You were not hungry.

You visited 1 branch of the dungeon, and saw 4 of its levels.

You collected 130 gold pieces.

Inventory:

Hand Weapons
 a - a +0 shortbow (weapon)
 g - a +0 hunting sling
Missiles
 b - 128 stones
 d - 60 arrows (quivered)
 k - 12 sling bullets
 m - 7 poisoned darts
 o - 6 curare-tipped darts
Armour
 i - a +1 leather armour of fire resistance
 j - a cursed +0 robe (worn)
 n - a +0 helmet (worn)
Jewellery
 p - a ring of wizardry (left hand)
Scrolls
 c - 2 scrolls of amnesia
 e - a scroll of magic mapping
 l - a scroll of identify
Comestibles
 f - 5 rations


   Skills:
 + Level 2.6 Fighting
 + Level 4.3 Bows
 - Level 1.3 Dodging
 + Level 2.1 Spellcasting
 + Level 3.6 Hexes


You had 5 spell levels left.
You knew the following spells:

 Your Spells              Type           Power        Failure   Level  Hunger
a - Corona                Hex            ###....      1%          1    #......
b - Slow                  Hex            ###.....     1%          2    ###....

Your spell library contained the following spells:

 Spells                   Type           Power        Failure   Level  Hunger
 Inner Flame              Hex/Fire       ###.....     3%          3    ###....
 Portal Projectile        Hex/Tloc       ###...       3%          3    ###....
 Cause Fear               Hex            ###.......   4%          4    #####..
 Leda's Liquefaction      Hex/Erth       ###.......   10%         4    #####..


Dungeon Overview and Level Annotations

Branches:
Dungeon (4/15)
 Temple: D:4-7

Altars:
Vehumet
Xom


Innate Abilities, Weirdness & Mutations

You have hooves in place of feet.
Armour fits poorly on your strangely shaped body.
You cover ground very quickly.
You have extremely tough skin. (AC +3)


Message History

You are more poisoned.
The worker ant poisons you! The worker ant closely misses you.
Unknown command.
You feel clever all of a sudden.
* * * LOW HITPOINT WARNING * * *
You feel sick. The worker ant completely misses you.
Firing (i - inventory. (/) - cycle)
d - 62 arrows (quivered)
Press: ? - help, Shift-Dir - straight line, f/p - worker ant
Aim: a worker ant (almost dead)
You shoot an arrow.
The arrow closely misses the worker ant.
* * * LOW HITPOINT WARNING * * *
You feel sick.
The worker ant bites you but does no damage.
Firing (i - inventory. (/) - cycle)
d - 61 arrows (quivered)
Press: ? - help, Shift-Dir - straight line, f/p - worker ant
Aim: a worker ant (almost dead)
You shoot an arrow. The arrow hits the worker ant.
You kill the worker ant!
You die...

#.# #.# #.# #.# .####
#############
##..###..##.......###
#.#..#..#.#####.....#
.#..#..#.._####.###.###
#..#..#..###..(.# #..[#
##...#...# #.##(###.#.#
###########(##.@...#.#
#..# #.##(###..###.#
#.## #.##># #.## #.#
####.# #.##.# #.# #.#
...#.# #.##.# #.# #.#
##.#.####.##.# #.# #.#
#........##(###.####.#
###.#######..........#
#.)......####.######


There were no monsters in sight!

Vanquished Creatures
  A jelly (D:3)
  A worker ant (D:3)
  4 adders
  4 dart slugs
  3 leopard geckos
  6 orcs (D:3)
  8 bats
  6 giant cockroaches
  6 goblins
  10 hobgoblins
  6 jackals
  10 kobolds
  A quokka (D:3)
  2 frilled lizards
  2 rats
70 creatures vanquished.

Notes
Turn   | Place    | Note
-------+----------+-------------------------------------------
     0 | D:1      | Emblim88 the Centaur Arcane Marksman began the quest for
                  | the Orb.
     0 | D:1      | Reached XP level 1. HP: 16/16 MP: 2/2
   146 | D:1      | Reached skill level 3 in Bows
   177 | D:1      | Reached XP level 2. HP: 19/23 MP: 1/3
   664 | D:1      | Reached XP level 3. HP: 23/28 MP: 1/5
  1631 | D:2      | Found a radiant altar of Vehumet.
  1865 | D:3      | Learned a level 2 spell: Slow
  1903 | D:3      | Reached XP level 4. HP: 36/36 MP: 4/6
  2151 | D:3      | Reached skill level 4 in Bows
  2479 | D:3      | Reached XP level 5. HP: 38/42 MP: 5/8
  2574 | D:3      | Found a shimmering altar of Xom.
  3131 | D:3      | HP: 1/42 [poisoned by a worker ant]
  3132 | D:3      | Succumbed to a worker ant's poison

Levels and vault maps discovered:
D:1:      evilmike_arrival_crescent, layout_basic,
          chequers_serial_rivers_micro_d
D:2:      layout_loops_ring, lemuel_coloured_pillars_altar
D:3:      layout_loops_ring, marbit_many_paths, portal_sewer_entry_e
D:4:      layout_loops_ring, first_ration

Skill      XL: |  1  2  3  4 |
---------------+-------------+-----
Bows           | 3 4 |  4.3
Hexes          | 3 |  3.6
Fighting       | 2 |  2.6
Spellcasting   | 2 |  2.1
Dodging        | |  1.3

Action                   |  1- 3 |  4- 6 || total
-------------------------+-------+-------++-------
 Fire: Shortbow          |   149 |   104 ||   253
 Cast: Corona            |    37 |    33 ||    70
  Use: Scroll            |     2 |     1 ||     3
       Potion            |       |     1 ||     1
  Eat: Chunk             |     2 |       ||     2
       Ration            |       |     2 ||     2
Armor: Robe              |    27 |    24 ||    51
       Leather armour    |    13 |       ||    13
Dodge: Dodged            |    46 |    43 ||    89
